 Dungeon Crawl Stone Soup version 0.28-a0-1142-gc8569940dd (webtiles) character file.

Game seed: 6309516125204308169

66 LadyOphelia the Cudgeller (level 3, -2/36 HPs)
             Began as a Troll Berserker on Dec 13, 2021.
             Was a Believer of Trog.
             Slain by a goblin (4 damage)
             ... led by Robin
             ... on level 3 of the Dungeon.
             The game lasted 00:03:47 (1945 turns).

LadyOphelia the Cudgeller (Troll Berserker)         Turns: 1945, Time: 00:03:49

Health: -2/36      AC:  4    Str: 27    XL:     3   Next: 96%
Magic:  2/2        EV: 10    Int:  3    God:    Trog [**....]
Gold:   108        SH:  0    Dex:  9    Spells: 2/2 levels left

rFire   . . .      SeeInvis .   c - +0 short sword (drain)
rCold   . . .      Faith    .   (no shield)
rNeg    . . .      Spirit   .   b - +0 animal skin
rPois   .          Reflect  .   (helmet restricted)
rElec   .          Harm     .   (no cloak)
rCorr   .          Rampage  .   (gloves unavailable)
Will    .....                   (boots unavailable)
Stlth   +.........              (no amulet)
HPRegen 0.92/turn               (no ring)
MPRegen 0.08/turn               (no ring)

@: on berserk cooldown, slowed, very slow
A: large, unfitting armour, claws 3, regeneration 1, shaggy fur 1, tough skin 1
a: Renounce Religion, Berserk, Trog's Hand


You were on level 3 of the Dungeon.
You worshipped Trog.
Trog was pleased with you.
You visited 1 branch of the dungeon, and saw 3 of its levels.

You collected 108 gold pieces.

Inventory:

Hand Weapons
 a - a +0 mace
 c - a +0 short sword of draining (weapon)
Armour
 b - a +0 animal skin (worn)
Jewellery
 f - a ring of resist corrosion
Scrolls
 d - 2 scrolls of enchant weapon {unknown}
 g - a scroll of fear {unknown}
 h - a scroll of fog {unknown}
 j - 3 scrolls of identify {unknown}
 l - 3 scrolls of enchant armour {unknown}
Potions
 e - 2 potions of curing {unknown}
 i - a potion of heal wounds {unknown}
 k - a potion of flight {unknown}


   Skills:
 + Level 2.8 Fighting
 + Level 0.9 Short Blades
 + Level 3.2 Maces & Flails
 + Level 3.0 Dodging
 + Level 0.2 Stealth


You had 2 spell levels left.
You didn't know any spells.
Your spell library was empty.

Dungeon Overview and Level Annotations

Branches:
Dungeon (3/15)

Altars:

Shops:
D:1 (   D:2 (

Annotations:
D:3 Robin


Innate Abilities, Weirdness & Mutations

You are too large for most types of armour.
You have claws for hands.
Your natural rate of healing is unusually fast.
You are covered in fur. (AC +1)
You have tough skin. (AC +1)


Message History

The goblins go into a battle-frenzy!
The goblin hits you but does no damage. x2
You hit the hobgoblin.
The hobgoblin is almost dead.
You are no longer berserk.
You are exhausted.
You feel yourself slow down. The goblin closely misses you.
You hit the hobgoblin but do no damage. You drain the hobgoblin.
You kill the hobgoblin!
Trog accepts your kill.
The goblin no longer looks unusually strong.
The goblin hits you with a +0 dagger.
* * * LOW HITPOINT WARNING * * *
The goblin unwields a +0 club.
The goblin wields a +0 hunting sling.
The goblin shoots a stone.
The stone barely misses you.
The stone hits the goblin.
Robin roars a battlecry!
The goblin goes into a battle-frenzy!
The goblin hits you with a +0 dagger.
* * * LOW HITPOINT WARNING * * *
The goblin hits you with a +0 dagger.
* * * LOW HITPOINT WARNING * * *
The hobgoblin hits you.
* * * LOW HITPOINT WARNING * * *
You hit the goblin.
You kill the goblin!
Trog accepts your kill. The goblin hits you but does no damage.
The hobgoblin barely misses you. Robin throws the goblin at you!
* * * LOW HITPOINT WARNING * * *
The goblin hits you with a +0 dagger.
* * * LOW HITPOINT WARNING * * *
Unknown command.
You hit the goblin but do no damage. You drain the goblin.
The goblin is severely wounded.
The hobgoblin barely misses you.
The goblin unwields a +0 hunting sling.
The goblin wields a +0 club.
The goblin barely misses you. x2
The hobgoblin hits you but does no damage.
The goblin hits you with a +0 club.
You die...

. ######### .. #.......#
>.. #.......# ....
#.......##### .....
#####............
......##g..........#####
.....gg@g###.......#
..#..##### #.......# #
#.......#####
#............ ###
#####.....### ....
#......###
.........###....#
.....#######....##
.....###.........#


You could see Robin, a hobgoblin (strong) and 2 goblins.

Vanquished Creatures
  An adder (D:2)
  A worm (D:2)
  2 orcs (D:3)
  3 ball pythons
  7 endoplasms
  2 giant cockroaches
  11 goblins
  5 hobgoblins
  5 kobolds
  2 quokkas
  2 bats (D:1)
  2 frilled lizards
  2 rats (D:1)
45 creatures vanquished.

Vanquished Creatures (others)
  A withered plant (D:1)
1 creature vanquished.

Grand Total: 46 creatures vanquished

Notes
Turn   | Place    | Note
-------+----------+-------------------------------------------
     0 | D:1      | LadyOphelia the Troll Berserker began the quest for the
                  | Orb.
     0 | D:1      | Reached XP level 1. HP: 22/22 MP: 0/0
   128 | D:1      | Found a faded altar of an unknown god.
   178 | D:1      | Found Xiaxkayl's Weapon Shop.
   181 | D:1      | Reached XP level 2. HP: 28/28 MP: 1/1
  1149 | D:2      | Found Lucliq's Weapon Boutique.
  1368 | D:2      | Reached XP level 3. HP: 35/36 MP: 2/2
  1826 | D:3      | Reached ** piety under Trog
  1919 | D:3      | Noticed Robin
  1944 | D:3      | HP: 1/36 [goblin[Robin] (2)]
  1945 | D:3      | Slain by a goblin

Illustrated notes

Levels and vault maps discovered:
D:1:      kennysheep_arrival_forest, layout_basic, serial_shops, shop,
          ebering_ecumenical_altar_petrified
D:2:      layout_rooms, serial_shops, shop
D:3:      layout_rooms, bh_walls_and_bars, uniq_robin

Skill      XL: |  1  2  3 |
---------------+----------+-----
Maces & Flails | 3 |  3.2
Dodging        | 3 |  3.0
Fighting       | |  2.8
Short Blades   | |  0.9
Stealth        | |  0.2

Action                   || total
-------------------------++-------
Melee: Mace              ||    21
       Short sword       ||   124
Invok: Berserk           ||     1
Armor: Animal skin       ||    57
Dodge: Dodged            ||    92

Table legend: (Time is in decaauts)
 A = Elapsed time spent in this place.
 B = Non-inter-level travel time spent in this place.
 C = Inter-level travel time spent in this place.
 D = Time resting spent in this place.
 E = Time spent auto-exploring this place.
 F = Levels seen in this place.
 G = Mean time per level.
                   A        B        C        D        E       F      G
               +--------+--------+--------+--------+--------+-----+--------+
         Total |   1955 |   1875 |     80 |      0 |   1364 |   3 |  651.7 |
       Dungeon |   1955 |   1875 |     80 |      0 |   1364 |   3 |  651.7 |
               +--------+--------+--------+--------+--------+-----+--------+

Top non-repeatable levels by time:
     D:1: 1065 daAuts
     D:2: 582 daAuts
     D:3: 307 daAuts
